 Dungeon Crawl Stone Soup version 0.17.1-1-g73c8601 (webtiles) character file.

30333 thriftshopmusketeer the Geomancer (level 13, -4/72 HPs)
             Began as a Gargoyle Earth Elementalist on Dec 25, 2015.
             Was a High Priest of Vehumet.
             Slain by a komodo dragon (21 damage)
             ... on level 5 of the Lair of Beasts on Dec 27, 2015.
             The game lasted 03:21:18 (22058 turns).

thriftshopmusketeer the Geomancer (GrEE)           Turns: 22058, Time: 03:21:20

Health: -4/72      AC: 19    Str:  9    XL:     13   Next: 51%
Magic:  0/22       EV: 15    Int: 23    God:    Vehumet [*****.]
Gold:   1084       SH:  0    Dex: 13    Spells: 7 memorised, 1 level left

rFire  + . .     SeeInvis .     a - +10 long sword of the Jester {flame, rPois rF+ Str-3 Dex+3}
rCold  . . .     Clarity  .     Q - +0 steam dragon armour
rNeg   + . .     SustAt   .     (no shield)
rPois  ∞         Gourm    .     I - +2 hat
rElec  +         Spirit   .     (no cloak)
rCorr  .         Warding  .     N - +0 pair of gloves
rMut   .         Stasis   .     (no boots)
MR     .....                    (no amulet)
Stlth  ++........               (no ring)
                                H - ring of invisibility

@: not resistant to hostile enchantments, unstealthy
A: clever 1, negative energy resistance 1, shaggy fur 1, electricity resistance,
unbreathing, petrification resistance, rot immunity, AC +9
a: Renounce Religion, Evoke Invisibility


You were on level 5 of the Lair of Beasts.
You worshipped Vehumet.
Vehumet was extremely pleased with you.
You were not hungry.

You visited 4 branches of the dungeon, and saw 19 of its levels.

You collected 1084 gold pieces.

Inventory:

Hand Weapons
 a - the +10 long sword of the Jester (weapon) {flame, rPois rF+ Str-3 Dex+3}
   (You found it on level 2 of the Lair of Beasts)

   It has been specially enchanted to burn those struck by it, causing extra
   injury to most foes and up to half again as much damage against particularly
   susceptible opponents.
   Big, fiery blades are also staple armaments of hydra-hunters.
   It affects your strength (-3).
   It affects your dexterity (+3).
   It protects you from fire.
   It protects you from poison.
 u - the +2 trident "Aloelli" {pierce, rF+ rC+ rN+ MR++}
   (You found it on level 10 of the Dungeon)

   It inflicts extra damage upon your enemies.
   It protects you from fire.
   It protects you from cold.
   It protects you from negative energy.
   It affects your resistance to hostile enchantments.
 J - a +0 quarterstaff
Missiles
 b - 409 stones
 e - 18 tomahawks (quivered)
 t - 4 tomahawks of returning
 y - a throwing net
Armour
 I - a +2 hat (worn)
 N - a +0 pair of gloves (worn)
 Q - a +0 steam dragon armour (worn)
 T - a +0 pair of boots
Magical Staves
 v - an uncursed staff of conjuration
Jewellery
 h - an uncursed ring of ice
 l - an uncursed ring of flight
 H - a ring of invisibility (left hand)
 R - an uncursed amulet of resist corrosion
 S - an uncursed ring of teleportation
Wands
 g - a wand of fireball (6)
 k - a wand of magic darts (21)
 q - a wand of paralysis (17)
 r - a wand of magic darts (22)
 x - a wand of frost (14)
 F - a wand of teleportation (3)
Scrolls
 j - 6 scrolls of remove curse
 m - 2 scrolls of recharging
 A - 2 scrolls of teleportation
 K - 6 scrolls of identify
 L - 2 scrolls of amnesia
 O - 2 scrolls of enchant weapon
 U - a scroll of enchant armour
Potions
 i - a potion of cancellation
 n - 2 potions of brilliance
 o - 2 potions of resistance
 w - 2 potions of flight
 C - 4 potions of curing
 P - 2 potions of might {unknown}
Books
 c - a book of Envenomations

   Spells                             Type                      Level
   a - Spider Form                    Transmutation/Poison         3
   b - Alistair's Intoxication        Transmutation/Poison         4
   c - Olgreb's Toxic Radiance        Poison                       4
   d - Poisonous Cloud                Conjuration/Poison/Air       6
 s - a book of Callings

   Spells                             Type                      Level
   a - Summon Small Mammal            Summoning                    1
   b - Call Imp                       Summoning                    2
   c - Call Canine Familiar           Summoning                    3
   d - Summon Guardian Golem          Hexes/Summoning              3
   e - Summon Lightning Spire         Summoning/Air                4
   f - Summon Ice Beast               Ice/Summoning                4
 B - a book of Cantrips

   Spells                             Type                      Level
   a - Corona                         Hexes                        1
   b - Animate Skeleton               Necromancy                   1
   c - Summon Small Mammal            Summoning                    1
   d - Apportation                    Translocation                1
 D - a book of Death

   Spells                             Type                      Level
   a - Corpse Rot                     Necromancy                   2
   b - Sublimation of Blood           Necromancy                   2
   c - Agony                          Necromancy                   5
   d - Dispel Undead                  Necromancy                   5
   e - Excruciating Wounds            Charms/Necromancy            5
   f - Bolt of Draining               Conjuration/Necromancy       5
Miscellaneous
 E - an ornate deck of wonders {the Alchemist}
Comestibles
 d - 10 bread rations
 f - 3 meat rations
 p - 12 fruits
 z - 5 beef jerkies
 G - a chunk of flesh


   Skills:
 - Level 5.1 Fighting
 - Level 0.3 Long Blades
 - Level 1.3(2.2) Polearms
 - Level 3.0(3.2) Staves
 - Level 5.0 Armour
 - Level 7.1 Dodging
 - Level 2.1 Stealth
   Level 4.4 Shields
 - Level 6.0 Spellcasting
 - Level 12.1 Conjurations
 - Level 0.7 Transmutations
 - Level 7.0 Fire Magic
 * Level 14.7 Earth Magic


You had one spell level left.
You knew the following spells:

 Your Spells              Type           Power        Failure   Level  Hunger
a - Sandblast             Erth           ######       1%          1    None
b - Stone Arrow           Conj/Erth      ######       1%          3    #......
c - Stoneskin             Trmt/Erth      #####...     1%          2    None
d - Lee's Rapid Deconstr  Erth           ######....   1%          5    #####..
e - Passwall              Trmt/Erth      #####.....   1%          3    #......
f - Bolt of Fire          Conj/Fire      ######....   8%          6    ######.
g - Dazzling Spray        Conj/Hex       ####....     1%          3    #......


Dungeon Overview and Level Annotations

Branches:
Dungeon (12/15)            Temple (1/1) D:4            Lair (5/8) D:11
    Orc (1/4) D:11
  Swamp: Lair:3-6    Shoals: Lair:3-6     Snake: Lair:3-6    Spider: Lair:3-6

Altars:
Ashenzari
Cheibriados
Dithmenos
Elyvilon
Fedhas
Gozag
Kikubaaqudgha
Makhleb
Nemelex Xobeh
Okawaru
Qazlal
Ru
Sif Muna
Trog
Vehumet
Xom
Yredelemnul
Zin
The Shining One

Annotations:
D:12 Gastronok


Innate Abilities, Weirdness & Mutations

You are resistant to torment.
Your stone body is resilient (AC +9).
You are immune to poison.
You resist negative energy.
You are resistant to electric shocks.
You can survive without breathing.
You are immune to petrification.
You are immune to rotting.
Your mind is acute. (Int +2)
You are covered in fur (AC +1).


Message History

Aim: a komodo dragon (moderately wounded)
The puff of frost misses the komodo dragon.
The puff of frost hits the water moccasin.
The water moccasin is heavily wounded.
Evoking this partially-identified wand wasted a few charges.
The komodo dragon misses you.
The water moccasin bites you but does no damage.
Found a flail.
Casting: Bolt of Fire
Confirm with . or Enter, or press ? or * to list all spells.
Aiming: Dazzling Spray
Press: ? - help, Shift-Dir - straight line, f/p - komodo dragon
Aim: a komodo dragon (moderately wounded)
The spray of energy hits the komodo dragon.
The komodo dragon is heavily wounded.
The spray of energy hits the water moccasin.
You kill the water moccasin!
Vehumet accepts your kill. The komodo dragon bites you!!
You die...

.##..#####.#
)...#.##.....#...#
#............###.#
##............###.#
#P............##..#
#.............#..##
#.#............#...#
........†......†#.##
.......@l......P..#
...............PP.#
#......).....P..#.....
#.P...................
.##...................#
###................##
##.P.##.#..P#.$..#
########.###....


You could see a komodo dragon.

Vanquished Creatures
  Erolcha (D:11)
  2 hydras
  2 hill giants
  A cyclops (D:10)
  An oklob plant (D:10)
  9 elephants
  Joseph (D:8)
  A fire drake (Lair:5)
  4 komodo dragons
  5 spiny frogs
  A troll (D:11)
  12 blink frogs
  The ghost of Steforg the Conjurer, an amateur DEWz (D:4)
  A wyvern (D:8)
  A hungry ghost (D:12)
  A deep elf fighter (D:11)
  A steam dragon (D:11)
  Grum (D:8)
  31 yaks
  7 hippogriffs
  7 wolves
  6 water moccasins
  2 orc warriors (D:11)
  2 black bears (D:10)
  3 phantoms
  3 ice beasts
  3 sky beasts
  14 porcupines
  8 crocodiles
  7 centaurs
  10 ogres
  2 big kobolds
  18 giant frogs
  3 scorpions
  13 killer bees
  An electric eel (Lair:4)
  6 wights
  A quasit (D:7)
  5 crimson imps
  6 hounds
  A giant frog zombie (D:6)
  8 jellies
  A centaur zombie (D:8)
  4 orc priests
  4 centaur skeletons
  A giant frog skeleton (D:7)
  Ijyb (D:2)
  Jessica (D:7)
  12 worker ants
  8 iguanas
  10 orc wizards
  8 sheep (Lair:5)
  2 hound zombies
  2 hound skeletons
  A worker ant zombie (D:11)
  13 adders
  A shadow imp (D:10)
  43 river rats
  An adder zombie (D:7)
  2 adder skeletons
  6 giant geckos
  50 orcs
  9 giant cockroaches
  6 hobgoblins
  20 jackals
  9 quokkas
  4 ball pythons
  11 bats
  A giant gecko skeleton (D:4)
  5 giant newts
  9 goblins
  14 kobolds
  2 quokka skeletons (D:8)
  15 rats
  A fungus (Lair:1)
490 creatures vanquished.

Vanquished Creatures (others)
  7 fungi
7 creatures vanquished.

Grand Total: 497 creatures vanquished

Notes
Turn   | Place    | Note
--------------------------------------------------------------
     0 | D:1      | thriftshopmusketeer the Gargoyle Earth Elementalist began the quest for the Orb.
     0 | D:1      | Reached XP level 1. HP: 10/10 MP: 3/3
   142 | D:1      | Reached skill level 4 in Earth Magic
   450 | D:1      | Reached XP level 2. HP: 15/15 MP: 3/5
  1259 | D:2      | Reached XP level 3. HP: 19/19 MP: 6/6
  1264 | D:2      | Learned a level 3 spell: Stone Arrow
  1267 | D:2      | Learned a level 2 spell: Stoneskin
  1282 | D:2      | Reached skill level 5 in Earth Magic
  1378 | D:2      | Noticed Ijyb
  1430 | D:2      | Killed Ijyb
  1458 | D:2      | Reached XP level 4. HP: 24/24 MP: 7/7
  1805 | D:2      | Reached skill level 6 in Earth Magic
  2034 | D:3      | Found a shadowy altar of Dithmenos.
  2724 | D:3      | Reached XP level 5. HP: 16/28 MP: 8/8
  2883 | D:3      | Reached skill level 7 in Earth Magic
  3647 | D:4      | Found a burning altar of Makhleb.
  3672 | D:4      | Noticed Steforg's ghost (amateur DEWz)
  3894 | D:4      | Killed Steforg's ghost
  3894 | D:4      | Reached skill level 8 in Earth Magic
  3894 | D:4      | Reached XP level 6. HP: 32/32 MP: 5/9
  3981 | D:4      | Found a staircase to the Ecumenical Temple.
  3987 | Temple   | Entered the Ecumenical Temple
  4212 | D:4      | Reached skill level 9 in Earth Magic
  4423 | D:4      | Reached XP level 7. HP: 30/36 MP: 4/10
  5282 | D:4      | Learned a level 5 spell: Lee's Rapid Deconstruction
  5286 | D:4      | Learned a level 3 spell: Passwall
  5461 | D:4      | Noticed an ogre
  5463 | D:4      | Killed an ogre
  5617 | D:5      | Entered Level 5 of the Dungeon
  5668 | D:5      | Reached XP level 8. HP: 41/41 MP: 3/14
  5858 | D:5      | Reached skill level 10 in Earth Magic
  6349 | D:5      | Reached skill level 11 in Earth Magic
  6361 | D:5      | Found an iron altar of Okawaru.
  6364 | D:5      | Found a blossoming altar of Fedhas.
  6468 | Temple   | Became a worshipper of Vehumet
  7185 | D:6      | Reached XP level 9. HP: 25/48 MP: 1/15
  7916 | D:6      | Found a shadowy altar of Dithmenos.
  8004 | D:6      | Reached skill level 1 in Conjurations
  8798 | D:7      | Reached * piety under Vehumet
  8798 | D:7      | Offered knowledge of Magic Dart by Vehumet.
  8949 | D:7      | Reached skill level 1 in Shields
  9072 | D:7      | Gained mutation: Your mind is acute. (Int +2) [potion of mutation]
  9072 | D:7      | Gained mutation: You are covered in fur (AC +1). [potion of mutation]
  9207 | D:7      | Noticed Jessica
  9219 | D:7      | Killed Jessica
  9231 | D:7      | Found a deep blue altar of Sif Muna.
  9406 | D:8      | Noticed Grum
  9623 | D:8      | Reached skill level 5 in Conjurations
  9627 | D:8      | Killed Grum
  9631 | D:8      | Found a shimmering altar of Xom.
  9874 | D:8      | Reached XP level 10. HP: 39/53 MP: 11/16
 10336 | D:8      | Offered knowledge of Throw Frost by Vehumet.
 10444 | D:8      | Reached ** piety under Vehumet
 10450 | D:8      | Got a smoking robe
 10461 | D:8      | Identified the +1 robe "Xekk" {rC+} (You took it off a wight on level 8 of the Dungeon)
 10515 | D:8      | Noticed Joseph
 10519 | D:8      | Killed Joseph
 10759 | D:8      | Found a glowing golden altar of the Shining One.
 11295 | D:9      | Reached skill level 1 in Staves
 11504 | D:9      | Found a basalt altar of Yredelemnul.
 12078 | D:9      | Offered knowledge of Inner Flame by Vehumet.
 12377 | D:10     | Entered Level 10 of the Dungeon
 12397 | D:10     | Reached skill level 5 in Spellcasting
 12417 | D:10     | Got an ancient trident
 12419 | D:10     | Identified the +2 trident "Aloelli" {pierce, rF+ rC+ rN+ MR++} (You found it on level 10 of the Dungeon)
 12647 | D:10     | Learned a level 6 spell: Bolt of Fire
 12735 | D:10     | Noticed an oklob plant
 12789 | D:10     | Reached skill level 1 in Fire Magic
 12812 | D:10     | Reached XP level 11. HP: 27/57 MP: 15/20
 13014 | D:10     | Reached *** piety under Vehumet
 13107 | D:10     | Noticed a cyclops
 13115 | D:10     | Killed a cyclops
 13331 | D:10     | You fall through a shaft for 2 floors!
 13364 | D:12     | Noticed Gastronok
 13406 | D:12     | Reached skill level 5 in Fire Magic
 13505 | D:11     | Found a stormy altar of Qazlal.
 13624 | D:10     | Noticed a hill giant
 13631 | D:10     | Killed a hill giant
 13869 | D:10     | Found a basalt altar of Yredelemnul.
 13873 | D:10     | Killed an oklob plant
 13903 | D:11     | Offered knowledge of Iskenderun's Mystic Blast by Vehumet.
 14048 | D:11     | Noticed Erolcha
 14281 | D:10     | Reached skill level 10 in Conjurations
 14584 | D:11     | Found a staircase to the Orcish Mines.
 14906 | D:11     | Killed Erolcha
 15161 | D:11     | Reached **** piety under Vehumet
 15692 | D:10     | Offered knowledge of Dazzling Spray by Vehumet.
 15886 | D:11     | Found a staircase to the Lair.
 16324 | D:11     | Noticed a hill giant
 16331 | D:11     | Killed a hill giant
 16331 | D:11     | Reached skill level 12 in Conjurations
 16414 | D:12     | Noticed a six-headed hydra
 16513 | Orc:1    | Entered Level 1 of the Orcish Mines
 16524 | Orc:1    | Reached XP level 12. HP: 56/62 MP: 21/21
 16596 | Orc:1    | Reached skill level 1 in Polearms
 16802 | Lair:1   | Entered Level 1 of the Lair of Beasts
 17012 | Lair:1   | Reached skill level 5 in Dodging
 17630 | Lair:1   | Learned a level 3 spell: Dazzling Spray
 17906 | Lair:2   | Reached ***** piety under Vehumet
 17914 | Lair:2   | Offered knowledge of Poison Arrow by Vehumet.
 17926 | Lair:2   | Got a crystal long sword
 17927 | Lair:2   | Identified the +10 long sword of the Jester {flame, rPois rF+ Str-3 Dex+3} (You found it on level 2 of the Lair of Beasts)
 18781 | Lair:2   | Identified a scroll of acquirement
 19256 | Lair:3   | Reached skill level 5 in Armour
 19476 | Lair:3   | Reached skill level 5 in Fighting
 20217 | Lair:3   | Reached XP level 13. HP: 66/72 MP: 15/22
 20564 | Lair:4   | Reached skill level 13 in Earth Magic
 21722 | Lair:4   | Reached skill level 14 in Earth Magic
 21995 | Lair:5   | Offered knowledge of Orb of Destruction by Vehumet.
 22058 | Lair:5   | Slain by a komodo dragon

Action                   |  1- 3 |  4- 6 |  7- 9 | 10-12 | 13-15 || total
-------------------------+-------+-------+-------+-------+-------++-------
Melee: Club              |    71 |       |       |       |       ||    71
       Whip              |     2 |       |       |       |       ||     2
       Dagger            |    52 |   292 |       |       |       ||   344
       War axe           |       |       |   202 |    40 |       ||   242
       Quarterstaff      |       |       |       |    76 |       ||    76
       Trident           |       |       |       |   319 |       ||   319
       Staff             |       |       |       |   155 |    12 ||   167
       Long sword        |       |       |       |   103 |   111 ||   214
Throw: Tomahawk          |       |       |     1 |     3 |       ||     4
 Cast: Sandblast         |    20 |    18 |    29 |    66 |     9 ||   142
       Stoneskin         |     1 |     5 |     4 |       |       ||    10
       Lee's Rapid Decon |       |       |    30 |   102 |     2 ||   134
       Stone Arrow       |       |       |    13 |    51 |    12 ||    76
       Passwall          |       |       |     1 |     3 |       ||     4
       Bolt of Fire      |       |       |       |    22 |    28 ||    50
       Dazzling Spray    |       |       |       |    14 |     6 ||    20
Evoke: Wand              |       |       |     5 |     2 |     1 ||     8
  Use: Potion            |     2 |     4 |     6 |     3 |       ||    15
       Scroll            |       |       |    13 |    10 |     5 ||    28
 Stab: Sleeping          |     1 |     6 |     2 |     1 |     1 ||    11
       Paralysed         |       |       |     3 |       |       ||     3
       Invisible         |       |       |       |     3 |       ||     3
  Eat: Chunk             |     2 |     9 |    23 |    53 |    17 ||   104
       Beef jerky        |       |     1 |     1 |     3 |     1 ||     6
       Fruit             |       |       |     1 |     2 |     1 ||     4
       Pizza             |       |       |     1 |     2 |       ||     3
       Royal jelly       |       |       |     1 |       |       ||     1
       Bread ration      |       |       |       |     3 |       ||     3
